 Dungeon Crawl Stone Soup version 0.26-a0-784-g51bffae0b1 (webtiles) character file.

Game seed: 8520965684440290736

1555 EnegeticOcto the Destroyer (level 8, -5/41 HPs)
             Began as a Deep Elf Conjurer on Nov 10, 2020.
             Was an Initiate of Vehumet.
             Slain by Harold
             ... wielding a +0 scimitar
              (21 damage)
             ... on level 7 of the Dungeon.
             The game lasted 00:14:19 (6486 turns).

EnegeticOcto the Destroyer (Deep Elf Conjurer)      Turns: 6486, Time: 00:14:20

Health: -5/41      AC:  4    Str:  4    XL:     8   Next: 58%
Magic:  8/21       EV: 12    Int: 26    God:    Vehumet [......]
Gold:   223        SH:  3    Dex: 13    Spells: 7/21 levels left

rFire    . . .     SeeInvis .   g - staff of cold
rCold    + . .     Faith    .   t - +0 buckler
rNeg     . . .     Spirit   .   a - +1 robe
rPois    .         Reflect  .   (no helmet)
rElec    .         Harm     .   B - +0 cloak
rCorr    .         Rampage  .   (no gloves)
MR       .....                  (no boots)
Stlth    ++........             (no amulet)
HPRegen  0.13/turn              (no ring)
MPRegen  0.17/turn              (no ring)

@: no status effects
A: no striking features
a: Renounce Religion


You were on level 7 of the Dungeon.
You worshipped Vehumet.
Vehumet was noncommittal.
You visited 2 branches of the dungeon, and saw 8 of its levels.

You collected 301 gold pieces.
You spent 78 gold pieces at shops.

Inventory:

Hand Weapons
 c - a +0 mace
   (You found it on level 1 of the Dungeon)
Missiles
 e - 42 poisoned darts (quivered)
Armour
 a - a +1 robe (worn)
 f - a scarf of resistance
   (You found it on level 1 of the Dungeon)
 t - a +0 buckler (worn)
   (You found it on level 4 of the Dungeon)
 B - a +0 cloak (worn)
   (You took it off Crazy Yiuf on level 6 of the Dungeon)
Magical Staves
 g - an uncursed staff of cold (weapon)
   (You found it on level 3 of the Dungeon)
Jewellery
 y - an uncursed ring of ice
   (You found it on level 6 of the Dungeon)
Wands
 o - a wand of flame (76) {@v4}
   (You found it on level 3 of the Dungeon)
 s - a wand of disintegration (6)
   (You found it on level 4 of the Dungeon)
 x - a wand of paralysis (2)
   (You found it on level 5 of the Dungeon)
Scrolls
 b - a scroll of remove curse {@r2}
 d - 5 scrolls of teleportation {@r3 !r}
 i - 2 scrolls of amnesia
 m - 2 scrolls of immolation
 p - a scroll of magic mapping {@r5 !r}
 q - 2 scrolls of enchant armour
 w - a scroll of silence {unknown}
Potions
 h - a potion of attraction {unknown}
 j - a potion of resistance
 k - 2 potions of lignification {@q6}
 l - a potion of curing {@q1 !q}
 n - 3 potions of magic
 r - a potion of might {unknown}
 u - 2 potions of degeneration {unknown}
 v - a potion of heal wounds {unknown}
 z - a potion of flight {unknown}


   Skills:
 - Level 2.4 Dodging
 - Level 2.4 Stealth
 + Level 7.4 Spellcasting
 + Level 9.2 Conjurations
 + Level 7.7 Hexes


You had 7 spell levels left.
You knew the following spells:

 Your Spells              Type           Power        Failure   Level
a - Magic Dart            Conj           ####         1%          1
b - Searing Ray           Conj           ######       1%          2
c - Dazzling Flash        Conj/Hex       ######       1%          3
d - Fulminant Prism       Conj/Hex       ######....   3%          4
e - Iskenderun's Mystic   Conj/Tloc      ####....     16%         4

Your spell library contained the following spells:

 Spells                   Type           Power        Failure   Level


Dungeon Overview and Level Annotations

Branches:
Dungeon (7/15)             Temple (1/1) D:6

Altars:
Ashenzari
Cheibriados
Dithmenos
Fedhas
Gozag
Hepliaklqana
Kikubaaqudgha
Makhleb
Nemelex Xobeh
Okawaru
Ru
Sif Muna
Uskayaw
Vehumet
Wu Jian
Xom
Yredelemnul
The Shining One

Shops:
D:5 *

Annotations:
D:7 Harold


Message History

The adder is severely wounded.
Casting: Magic Dart (safe; 1% risk of failure)
Confirm with . or Enter, or press ? or * to list all spells.
Aiming: Magic Dart (safe; 1% risk of failure)
Press: ? - help, Shift-Dir - straight line, f/p - adder
Aim: an adder (severely wounded)
The magic dart hits the adder.
You kill the adder!
Vehumet accepts your kill.
Magic restored.
Things that are here:
a +0 shortbow; 16 arrows; a centaur corpse
Found a ring mail.
You see here a ring mail.
You see here a ring mail.
Found a mace.
Found a runed translucent door.
Crazy Yiuf shouts!
Crazy Yiuf says, "Crazy?
Crazy!?
PORCUPINE!"
You open the door.
Casting: Magic Dart (safe; 1% risk of failure)
Confirm with . or Enter, or press ? or * to list all spells.
Aiming: Searing Ray (safe; 1% risk of failure)
Press: ? - help, Shift-Dir - straight line, f - Crazy Yiuf
Aim: Crazy Yiuf, wielding a +4 quarterstaff of chaos and wearing a +0 cloak The searing ray hits Crazy Yiuf!
Crazy Yiuf is severely wounded. (Press . to maintain the ray.)
The searing ray misses Crazy Yiuf.
Crazy Yiuf closely misses you.
The searing ray hits Crazy Yiuf!
You kill Crazy Yiuf!
Vehumet accepts your kill.
There is an open translucent door here.
Things that are here:
a +4 quarterstaff of chaos; a +0 cloak; the gnoll corpse of Crazy Yiuf You start removing your armour.
You continue taking off your scarf of resistance. x4
You finish taking off your scarf of resistance.
You feel hot and cold all over.
You start putting on your armour.
You continue putting on your +0 cloak. x5
You finish putting on your +0 cloak.
Done exploring.
Done exploring.
Done exploring.
As you read the scroll labeled VYUGYA ROWEOT, it crumbles to dust.
You hear a loud clanging noise!
It was a scroll of noise.
Really read the scroll of noise?
As you read the scroll of noise, it crumbles to dust.
You hear a loud clanging noise!
As you read the scroll labeled LOMYTI SYIR, it crumbles to dust.
You feel blessed for a moment.
It was a scroll of remove curse.
You feel more attuned to ice.
y - a ring of ice (left hand)
You remove your ring of ice.
You already know all available spells.
Done exploring.
Done exploring.
Done exploring.
(D) Dungeon (T) Temple
Where to? (Enter - D:6, ? - help)
There is an open translucent door here.
Things that are here:
a +4 quarterstaff of chaos; the gnoll corpse of Crazy Yiuf
There is a stone staircase leading down here.
You climb downwards.
Harold the Weathered comes into view.
He is wielding a +0 scimitar.
Harold shouts!
Found a mace and a scroll labeled VOPSYV XUAREK.
There is a stone staircase leading up here.
Casting: Searing Ray (safe; 1% risk of failure)
Confirm with . or Enter, or press ? or * to list all spells.
Press: ? - help, Dir - move target cursor You conjure a prism of explosive energy!
A fulminant prism comes into view.
You block Harold's attack.
Casting: Fulminant Prism (dangerous; 3% risk of failure)
Confirm with . or Enter, or press ? or * to list all spells.
Your fulminant prism crackles loudly.
Casting: Dazzling Flash (safe; 1% risk of failure)
Confirm with . or Enter, or press ? or * to list all spells.
Harold hits you with a +0 scimitar.
Your fulminant prism explodes!
The blast of energy engulfs Harold!!
Harold is moderately wounded.
Casting: Dazzling Flash (safe; 1% risk of failure)
Confirm with . or Enter, or press ? or * to list all spells.
Aiming: Searing Ray (safe; 1% risk of failure)
Press: ? - help, Shift-Dir - straight line, f - Harold
Aim: Harold, wielding a +0 scimitar, wearing a +0 ring mail and quivering 4 throwing nets (moderately wounded)
The searing ray hits Harold!
Harold is moderately wounded. (Press . to maintain the ray.) Harold looks eager to get this over with.
Harold hits you with a +0 scimitar!!
Ouch! That really hurt!
The searing ray hits Harold!
Harold is heavily wounded.
Harold hits you with a +0 scimitar!!
Ouch! That really hurt!
You die...

.....
...
..?
...
#.#
#.#
#@#
#@#
#)#
#.#
#.#
#.#
#..
###


You could see Harold.

Vanquished Creatures
  Menkaure (D:4)
  2 sky beasts
  An ogre (D:4)
  A necrophage (D:5)
  2 centaurs (D:6)
  A bullfrog (D:6)
  2 scorpions
  A howler monkey (D:4)
  A bullfrog zombie (D:6)
  A centaur zombie (D:5)
  Crazy Yiuf (D:6)
  An orc priest (D:5)
  4 orc wizards
  4 worker ants
  2 killer bee zombies
  A hound skeleton (D:4)
  A howler monkey skeleton (D:6)
  13 adders
  8 gnolls
  2 white imps
  An ufetubus (D:5)
  An adder skeleton (D:4)
  3 worms
  4 leopard geckos
  13 orcs
  8 bats
  4 giant cockroaches
  5 hobgoblins
  7 jackals
  6 ball pythons (D:2)
  6 frilled lizards
  A giant cockroach zombie (D:6)
  6 goblins
  5 kobolds
  A leopard gecko skeleton (D:6)
  A leopard gecko zombie (D:5)
  7 rats
  A spectral orc (D:5)
130 creatures vanquished.

Vanquished Creatures (others)
  A fulminant prism (D:7)
1 creature vanquished.

Grand Total: 131 creatures vanquished

Notes
Turn   | Place    | Note
-------+----------+-------------------------------------------
     0 | D:1      | EnegeticOcto the Deep Elf Conjurer began the quest for the
                  | Orb.
     0 | D:1      | Reached XP level 1. HP: 10/10 MP: 6/6
   217 | D:1      | Reached XP level 2. HP: 15/15 MP: 3/8
   907 | D:1      | Learned a level 2 spell: Searing Ray
   953 | D:2      | Reached skill level 4 in Spellcasting
   953 | D:2      | Reached XP level 3. HP: 19/19 MP: 4/10
  1013 | D:2      | Reached skill level 5 in Conjurations
  1288 | D:2      | Reached XP level 4. HP: 16/24 MP: 0/12
  1485 | D:2      | Learned a level 3 spell: Dazzling Flash
  1490 | D:2      | Learned a level 4 spell: Fulminant Prism
  1580 | D:2      | Reached skill level 5 in Spellcasting
  2124 | D:3      | Found a faded altar of an unknown god.
  2126 | D:3      | Reached XP level 5. HP: 28/28 MP: 12/14
  2170 | D:3      | Became a worshipper of the Shining One
  2170 | D:3      | Reached * piety under the Shining One
  2372 | D:3      | Found an ornate altar of the Wu Jian Council.
  2475 | D:3      | Reached skill level 6 in Conjurations
  2977 | D:3      | Reached skill level 6 in Spellcasting
  3093 | D:3      | Learned a level 4 spell: Iskenderun's Mystic Blast
  3113 | D:4      | Reached skill level 1 in Hexes
  3113 | D:4      | Reached XP level 6. HP: 32/32 MP: 9/17
  3325 | D:4      | Reached skill level 2 in Hexes
  3546 | D:4      | Reached skill level 7 in Conjurations
  3546 | D:4      | Reached skill level 3 in Hexes
  3641 | D:4      | Found a hazy altar of Hepliaklqana.
  3641 | D:4      | Found an iron altar of Okawaru.
  3711 | D:4      | Reached ** piety under the Shining One
  3759 | D:4      | Reached XP level 7. HP: 36/36 MP: 13/18
  3770 | D:4      | Noticed Menkaure
  3779 | D:4      | Killed Menkaure
  3779 | D:4      | Reached skill level 4 in Hexes
  4175 | D:5      | Entered Level 5 of the Dungeon
  4267 | D:5      | Reached skill level 5 in Hexes
  4376 | D:5      | Found Ebosm's Assorted Antiques.
  4386 | D:5      | Bought a scroll labeled XUQOIL XUIZAUGH for 26 gold pieces
  4386 | D:5      | Bought a scroll labeled XUQOIL XUIZAUGH for 26 gold pieces
  4386 | D:5      | Bought a scroll labeled WOBLADU WU ZIAMOKK for 26 gold
                  | pieces
  4535 | D:5      | Reached skill level 8 in Conjurations
  4706 | D:5      | Reached skill level 6 in Hexes
  4883 | D:5      | Found a basalt altar of Yredelemnul.
  4997 | D:5      | Reached XP level 8. HP: 41/41 MP: 16/19
  5266 | D:6      | Found a staircase to the Ecumenical Temple.
  5293 | Temple   | Entered the Ecumenical Temple
  5355 | Temple   | Fell from the grace of the Shining One
  5355 | Temple   | Became a worshipper of Vehumet
  5535 | D:6      | Reached skill level 7 in Hexes
  5705 | D:6      | Reached skill level 7 in Spellcasting
  5705 | D:6      | Reached skill level 9 in Conjurations
  5970 | D:6      | Found a snail-covered altar of Cheibriados.
  6322 | D:6      | Found a runed translucent door.
  6323 | D:6      | Noticed Crazy Yiuf
  6437 | D:6      | Killed Crazy Yiuf
  6481 | D:7      | Noticed Harold
  6486 | D:7      | Slain by Harold

Illustrated notes

Levels and vault maps discovered:
D:1:      minmay_arrival_stair_chambers, layout_basic, minivault_23,
          patterned_corridor
D:2:      layout_loops_cross, minmay_snake_closets
D:3:      layout_loops_ring, lemuel_doored_altar,
          chequers_ecumenical_altar_simple_redux, kennysheep_generic_room_12
D:4:      layout_cave_pools, gammafunk_temple_overflow_elements, uniq_menkaure
D:5:      layout_basic, yredelemnul_forgotten_temple_becter, serial_shops, shop,
          minmay_misc_feat_more_columns
D:6:      layout_loops_ring, minmay_temple_entry_statues_pillars,
          amethyst_killhole, cheibriados_altar_1, uniq_crazy_yiuf_cottage
D:7:      layout_loops_ring, gammafunk_ghost_wrathful_warriors,
          small_statue_alley_b, uniq_harold
Temple:   zaba_magenta_temple

Skill      XL: |  1  2  3  4  5  6  7  8 |
---------------+-------------------------+-----
Spellcasting   | 4 5 6 7 |  7.4
Conjurations   | 5 6 7 8 9 |  9.2
Hexes          | 1 3 6 7 |  7.7
Dodging        | |  2.4
Stealth        | |  2.4

Action                   |  1- 3 |  4- 6 |  7- 9 || total
-------------------------+-------+-------+-------++-------
 Cast: Magic Dart        |    37 |    62 |    45 ||   144
       Searing Ray       |     4 |    25 |    30 ||    59
       Dazzling Flash    |       |       |     2 ||     2
       Fulminant Prism   |       |       |     1 ||     1
  Use: Scroll            |     1 |     5 |     6 ||    12
Armor: Robe              |     3 |       |     1 ||     4
Dodge: Dodged            |     7 |    10 |    14 ||    31
Block: Buckler           |       |       |     3 ||     3

Table legend: (Time is in decaauts)
 A = Elapsed time spent in this place.
 B = Non-inter-level travel time spent in this place.
 C = Inter-level travel time spent in this place.
 D = Time resting spent in this place.
 E = Time spent auto-exploring this place.
 F = Levels seen in this place.
 G = Mean time per level.
                   A        B        C        D        E       F      G
               +--------+--------+--------+--------+--------+-----+--------+
         Total |   6484 |   6335 |    149 |    654 |   5002 |   8 |  810.5 |
       Dungeon |   6409 |   6260 |    149 |    654 |   4961 |   7 |  915.6 |
        Temple |     75 |     75 |      0 |      0 |     41 |   1 |   75.0 |
               +--------+--------+--------+--------+--------+-----+--------+

Top non-repeatable levels by time:
     D:3: 1285 daAuts
     D:2: 1177 daAuts
     D:6: 1138 daAuts
     D:5: 1090 daAuts
     D:1: 915 daAuts
     D:4: 796 daAuts
  Temple: 75 daAuts
     D:7: 4 daAuts
